 Dungeon Crawl Stone Soup version 0.31.0-32-g396128a36d (webtiles) character file.

Game seed: 8463267502777197647

132 Sashaazra the Magician (level 5, -1/38 HPs)
             Began as a Barachi Hedge Wizard on Mar 8, 2024.
             Was an Initiate of Dithmenos.
             Slain by a gnoll
             ... wielding a +0 spear
              (4 damage)
             ... on level 3 of the Dungeon.
             The game lasted 00:16:58 (1987 turns).

Sashaazra the Magician (Barachi Hedge Wizard)       Turns: 1987, Time: 00:16:59

Health: -1/38      AC:  3    Str: 11    XL:     5   Next: 15%
Magic:  11/11      EV: 12    Int: 17    God:    Dithmenos [......]
Gold:   94         SH:  0    Dex: 11    Spells: 11/12 levels left

rFire   . . .        h - +0 flail
rCold   . . .        (no shield)
rNeg    . . .        p - +0 leather armour
rPois   .            c - +0 hat
rElec   .            (no cloak)
rCorr   .            (no gloves)
SInv    .            (no boots)
Will    .....        (no amulet)
Stlth   ++           (no ring)
HPRegen 0.26/turn    (no ring)
MPRegen 0.12/turn

%: no passive effects
@: unable to hop, slow
A: amphibious, slowness 1, strong legs 1, +LOS
a: Hop, Renounce Religion


You were on level 3 of the Dungeon.
You worshipped Dithmenos.
Dithmenos was noncommittal.
You visited 1 branch of the dungeon, and saw 3 of its levels.

You collected 94 gold pieces.

Inventory:

Hand Weapons
 a - a +0 dagger
 e - a +0 club
 h - a +0 flail (weapon)
 i - a +0 dagger
 l - a +0 whip
Missiles
 g - 29 stones
 r - 6 poisoned darts
Armour
 b - a +0 robe
 c - a +0 hat (worn)
 n - a +0 scale mail
 p - a +0 leather armour (worn)
Scrolls
 f - a scroll of teleportation
 j - 2 scrolls of enchant armour (quivered) {unknown}
 q - a scroll of identify {unknown}
Potions
 d - a potion of magic
 m - 2 potions of enlightenment {unknown}
 o - a potion of ambrosia


   Skills:
 + Level 2.2 Fighting
 + Level 0.1 Short Blades
 + Level 2.4 Maces & Flails
 + Level 0.4 Armour
 + Level 3.1 Dodging
 + Level 2.1 Stealth
 + Level 4.0 Spellcasting
 + Level 1.1 Conjurations
 + Level 1.2 Summonings
 + Level 1.1 Translocations


You had 11 spell levels left.
You knew the following spells:

 Your Spells              Type           Power      Damage    Failure   Level
a - Magic Dart            Conj           28%        1d4       13%         1

Your spell library contained the following spells:

 Spells                   Type           Power      Damage    Failure   Level
 Call Imp                 Summ           14%        N/A       19%         2
 Slow                     Hex            12%        N/A       21%         1
 Blink                    Tloc           14%        N/A       21%         2
 Cigotuvi's Dreadful Rot  Necr/Alch/Air  6%         N/A       30%         2
 Sublimation of Blood     Necr           3%         N/A       30%         2
 Mephitic Cloud           Conj/Alch/Air  4%         N/A       47%         3
 Animate Armour           Summ/Erth      10%        N/A       85%         4
 Summon Lightning Spire   Summ/Air       5%         N/A       85%         4
 Ignite Poison            Fire/Alch      3%         N/A       90%         4
 Petrify                  Alch/Erth      3%         N/A       90%         4
 Freezing Cloud           Conj/Ice/Air   2%         6-21      99%         5
 Irradiate                Conj/Alch      2%         3d12      99%         5
 Lee's Rapid Deconstruct  Erth           1%         3d4*      99%         5


Dungeon Overview and Level Annotations

Branches:
Dungeon (3/15)

Altars:
Dithmenos


Innate Abilities, Weirdness & Mutations

You are amphibious.
You cover ground slowly.
You can hop short distances.
You have an extended range of vision and can be seen from far away.


Message History

The gnoll attacks as it pursues you! The gnoll hits you with a +0 flail.
The gnoll attacks as it pursues you! The gnoll closely misses you.
Hop to where?
Press: ? - help, Dir - move target Boing!
The gnoll hits you with a +0 flail.
You sock the gnoll!
The gnoll is severely wounded.
The gnoll closely misses you.
You hit the gnoll.
The gnoll is almost dead.
The gnoll hits you with a +0 flail. The gnoll barely misses you.
You hit the gnoll.
You kill the gnoll!
Dithmenos accepts your kill. The gnoll barely misses you.
You barely miss the gnoll. The gnoll completely misses you.
The gnoll hits you but does no damage. The gnoll barely misses you.
You hit the gnoll.
The gnoll is lightly wounded.
The gnoll hits you with a +0 whip. The gnoll barely misses you.
You sock the gnoll!
The gnoll is almost dead.
The gnoll hits you but does no damage. The gnoll barely misses you.
You barely miss the gnoll.
The gnoll is almost dead.
The gnoll hits you with a +0 whip. The gnoll closely misses you.
The gnoll hits you with a +0 whip!
* * * LOW HITPOINT WARNING * * *
The gnoll barely misses you.
You barely miss the gnoll.
The gnoll is almost dead.
The gnoll completely misses you.
The gnoll hits you from afar with a +0 spear.
* * * LOW HITPOINT WARNING * * *
You sock the gnoll!
You kill the gnoll!
Dithmenos accepts your kill.
The gnoll hits you from afar with a +0 spear.
You die...

**,**,*
*,,,,,,,**********,*
#,,,,* ********* *,*
##.**** *,* ...####
#####******** *,*
...,..# #...,,,,,,..#
*,* ...##.#
##.##******#.# *,*
.....<####...## #.# *,*
..............#######.#
###**,*
..........>..gg)@.....#
#..,,,*
...#.######.########..#
#.#**** ..*#.# ### #..#
#.# #**#.# **#####..#
#.# #.#
*#.#......###.#####
#.##
**,#...##.#........###
#..#
*,*##.......##........
##.#
**,#...##.########†###
#.# *#.#.#*#.# #.#


You could see 2 gnolls.

Vanquished Creatures
  2 gnolls (D:3)
  4 adders
  2 dart slugs
  A ribbon worm (D:3)
  9 ball pythons
  10 endoplasms
  3 giant cockroaches
  8 goblins
  10 hobgoblins
  2 jackals (D:2)
  2 kobolds
  2 quokkas
  11 bats
  5 frilled lizards
  6 rats
77 creatures vanquished.

Notes
Turn   | Place    | Note
-------+----------+-------------------------------------------
     0 | D:1      | Sashaazra the Barachi Hedge Wizard began the quest for the
                  | Orb.
     0 | D:1      | Reached XP level 1. HP: 13/13 MP: 4/4
   188 | D:1      | Reached XP level 2. HP: 19/19 MP: 6/6
   682 | D:1      | Reached XP level 3. HP: 20/25 MP: 8/8
   874 | D:2      | Reached skill level 1 in Fighting
  1078 | D:2      | Reached skill level 1 in Maces & Flails
  1159 | D:2      | Reached XP level 4. HP: 32/32 MP: 9/9
  1440 | D:2      | Found a shadowy altar of Dithmenos.
  1464 | D:2      | Became a worshipper of Dithmenos the Shadowed
  1854 | D:3      | Reached skill level 4 in Spellcasting
  1854 | D:3      | Reached XP level 5. HP: 23/38 MP: 8/11
  1987 | D:3      | Slain by a gnoll

Illustrated notes

Levels and vault maps discovered:
D:1:      heliophobic_arrival_ceremonial_halls, layout_basic
D:2:      minmay_razor_zed, layout_rooms, basic_altar
D:3:      layout_loops_ring, ebering_ecumenical_altar_hall,
          kennysheep_small_spiral

Skill      XL: |  1  2  3  4 |
---------------+-------------+-----
Fighting       | 1 2 |  2.2
Maces & Flails | 1 2 |  2.4
Stealth        | 2 |  2.1
Dodging        | 3 |  3.1
Spellcasting   | 4 |  4.0
Short Blades   | |  0.1
Armour         | |  0.4
Conjurations   | |  1.1
Summonings     | |  1.2
Translocations | |  1.1

Action                     |  1- 3 |  4- 6 || total
---------------------------+-------+-------++-------
  Melee: Dagger            |    23 |       ||    23
         Flail             |   116 |   122 ||   238
         Punch             |     1 |       ||     1
   Cast: Magic Dart        |     2 |    19 ||    21
Ability: Hop               |     3 |     3 ||     6
    Use: Scroll            |     2 |     2 ||     4
         Potion            |     1 |     1 ||     2
   Stab: Sleeping          |     1 |     1 ||     2
         Distracted        |       |     1 ||     1
 Armour: Robe              |    97 |    53 ||   150
         Leather armour    |       |    49 ||    49
  Dodge: Dodged            |   129 |   146 ||   275
